Map: Dreamcatcher LE

Players

MkPrImE

  • Race: Terran Terran
  • League: Diamond
  • Spawn Location: 5:00

Adapt - Winner!

  • Race: Zerg Zerg
  • League: Diamond
  • Spawn Location: 11:00

VOD

Have the link to the VOD?

Description

Banelings

Time

  • Played on: Aug. 5, 2018, 11:02 p.m.
  • Length: 18:54
Show
View Real Time Build Order
Export as new Build Order

MkPrImE Terran 

Build Orders: MMM Bio 

Get SALT Encoding   

  12  0:01  SCV  
  13  0:13  SCV  
  14  0:20  Supply Depot  
  14  0:25  SCV  
  15  0:29  Refinery  
  15  0:42  SCV  
  16  0:46  Barracks  
  16  0:54  SCV  
  17  1:04  Barracks  
  17  1:08  SCV  
  18  1:20  SCV  
  19  1:34  Reaper, Orbital Command  
  20  1:44  Supply Depot  
  20  1:51  Marine  
  21  2:02  SCV  
  21  2:07  Barracks Tech Lab  
  22  2:10  Barracks Reactor  
  22  2:17  SCV  
  23  2:28  Marine  
  24  2:30  Stimpack  
  24  2:31  Command Center  
  24  2:46  Marine x3  
  27  2:55  SCV  
  28  2:58  Refinery  
  28  3:03  Marine  
  28  3:04  Marine x2  
  31  3:05  Factory  
  31  3:08  Supply Depot  
  30  3:14  SCV  
  31  3:29  Marine x2  
  31  3:30  Marine  
  31  3:32  Supply Depot  
  34  3:43  Orbital Command  
  34  3:45  SCV  
  35  3:50  Starport, Factory Reactor  
  35  3:55  Marine x2  
  35  3:58  Marine  
  38  4:03  SCV  
  40  4:10  SCV  
  40  4:13  Marine x2  
  40  4:16  Marine  
  43  4:19  SCV  
  43  4:22  SCV  
  45  4:31  Marine x2, SCV  
  45  4:33  Marine  
  45  4:34  Combat Shields  
  45  4:35  SCV  
  45  4:36  Medivac x2  
  54  4:44  Engineering Bay  
  54  4:47  Engineering Bay  
  54  4:50  SCV x2  
  56  4:57  Supply Depot  
  56  5:02  SCV x2  
  56  5:03  Marine x3  
  61  5:14  SCV  
  61  5:19  SCV  
  61  5:20  Terran Infantry Armor Level 1, Supply Depot, Terran Infantry Weapons Level 1  
  63  5:26  Factory Tech Lab, SCV  
  64  5:31  SCV, Refinery  
  64  5:33  Refinery  
  64  5:35  Marine x3  
  60  5:53  Marine x3  
  60  5:54  Medivac x2  
  67  6:00  Supply Depot  
  67  6:11  Marine x3, SCV x2  
  69  6:12  Siege Tank  
  75  6:20  Barracks  
  75  6:21  Barracks  
  75  6:22  Barracks  
  75  6:29  Marine x2  
  76  6:51  Marine x3  
  76  6:53  Siege Tank  
  76  6:54  Medivac x2  
  86  7:00  Armory  
  86  7:09  Barracks Reactor x2  
  86  7:10  Barracks Reactor  
  86  7:22  Command Center  
  86  7:31  Marine  
  86  7:51  Supply Depot  
  86  7:52  Supply Depot  
  86  7:54  Supply Depot  
  86  7:56  Terran Infantry Armor Level 2, Terran Vehicle Weapons Level 1, Terran Infantry Weapons Level 2  
  86  8:11  Marine  
  86  8:12  Marine, Siege Tank  
  76  8:21  Marine x5  
  76  8:22  Marine  
  81  8:29  Marine  
  74  8:37  Marine  
  74  8:38  Marine  
  74  8:39  Marine x4, Medivac x2  
  84  8:44  Siege Tank  
  87  8:50  Refinery  
  87  9:02  Planetary Fortress  
  87  9:07  SCV x2  
  89  9:15  Command Center  
  89  9:16  Marine x6  
  89  9:17  Marine  
  95  9:19  SCV x2  
  95  9:21  Siege Tank  
  66  9:48  Command Center  
  66  9:52  Marine x3  
  69  10:00  Marine x3  
  72  10:11  Terran Vehicle Weapons Level 2  
  72  10:25  Marine x4  
  62  10:37  Marine x3  
  62  10:38  Marine  
  64  11:07  Marine x6  
  64  11:08  Marine  
  70  11:29  Marine x3  
  61  11:44  Marine x6  
  67  11:54  Orbital Command  
  67  12:01  Orbital Command  
  67  12:06  Orbital Command  
  67  12:07  Medivac x2  
  71  12:12  Siege Tank  
  74  12:17  Factory  
  74  12:22  Factory  
  47  12:48  Siege Tank  
  50  12:57  Marine x4  
  50  12:58  Marine x5  
  48  13:15  Marine x3  
  49  13:28  Marine x4  
  49  13:29  Marine x2  
  49  13:31  Viking x2  
  47  13:54  Marine  
  47  13:55  Marine  
  47  13:56  Marine  
Show
View Real Time Build Order
Export as new Build Order

Adapt Zerg - Winner!

Build Orders: Hatch First 

Get SALT Encoding   

  12  0:01  Drone  
  13  0:12  Overlord  
  13  0:17  Drone  
  14  0:30  Drone x2  
  14  0:34  Drone  
  17  0:52  Hatchery  
  17  0:55  Drone  
  17  0:59  Drone  
  18  1:10  Extractor  
  17  1:15  Spawning Pool  
  17  1:17  Drone  
  17  1:20  Drone  
  18  1:28  Drone  
  19  1:38  Overlord  
  19  1:49  Drone  
  20  2:02  Queen  
  20  2:03  Zergling x2  
  20  2:04  Queen  
  20  2:05  Zergling x2  
  26  2:11  Drone  
  27  2:27  Hatchery  
  26  2:30  Drone x2  
  26  2:33  Metabolic Boost  
  28  2:46  Drone x3  
  31  2:54  Overlord  
  31  3:00  Drone  
  31  3:01  Drone x2  
  33  3:15  Drone x2  
  33  3:16  Drone x3  
  33  3:17  Queen  
  40  3:21  Queen  
  40  3:23  Drone  
  43  3:30  Overlord  
  43  3:40  Overlord x2  
  42  3:48  Queen  
  42  3:51  Drone x5  
  42  3:52  Drone  
  50  3:58  Overlord  
  50  4:13  Drone  
  50  4:14  Drone x7  
  58  4:21  Drone x3  
  58  4:23  Overlord  
  61  4:30  Zergling x2  
  61  4:31  Zergling x2  
  63  4:33  Zergling x2  
  63  4:34  Zergling x4  
  66  4:40  Lair  
  66  4:41  Zergling x2  
  66  4:42  Extractor  
  66  4:43  Zergling x4  
  68  4:51  Hatchery  
  67  4:53  Zergling x2  
  67  4:54  Zergling x6  
  67  4:56  Zergling x2  
  67  4:57  Zergling x4  
  75  5:00  Zergling x10  
  75  5:06  Baneling Nest  
  79  5:07  Zergling x4  
  79  5:08  Evolution Chamber  
  79  5:09  Evolution Chamber  
  79  5:12  Zergling x2  
  79  5:17  Drone x2  
  79  5:18  Drone  
  82  5:29  Overlord x4  
  82  5:39  Overlord x2  
  79  5:47  Zergling x2  
  79  5:48  Zergling x16  
  83  5:57  Zerg Ground Armor Level 1, Zerg Melee Weapons Level 1  
  83  6:02  Queen  
  83  6:03  Drone, Extractor  
  90  6:04  Drone x5  
  90  6:12  Drone  
  90  6:15  Drone x3  
  94  6:18  Drone  
  94  6:23  Centrifical Hooks  
  94  6:24  Infestation Pit  
  94  6:25  Drone  
  94  6:26  Drone x2  
  94  6:28  Baneling  
  97  6:35  Drone x2  
  97  6:36  Drone x2, Extractor  
  97  6:37  Drone  
  100  6:52  Zergling x2  
  100  6:53  Zergling x20  
  111  7:12  Hatchery  
  111  7:13  Drone x5  
  115  7:16  Hive  
  115  7:17  Zergling x2  
  115  7:18  Zergling x16  
  115  7:20  Spire  
  115  7:34  Zergling x2  
  115  7:35  Zergling x10  
  121  7:37  Baneling x10  
  121  7:38  Baneling x2  
  121  7:46  Extractor  
  121  7:47  Extractor  
  121  7:50  Zergling x2  
  121  7:51  Zergling x16  
  124  7:53  Overlord x2  
  124  7:54  Extractor, Overlord x4  
  124  7:56  Zerg Melee Weapons Level 2  
  124  7:57  Extractor  
  124  8:06  Baneling  
  124  8:07  Baneling x5  
  115  8:15  Drone  
  115  8:16  Drone x11  
  121  8:30  Drone x4  
  121  8:31  Drone x3  
  125  8:37  Greater Spire, Pathogen Glands  
  125  8:42  Extractor  
  125  8:43  Extractor, Hatchery  
  121  8:57  Zergling x2  
  121  8:58  Zergling x24  
  134  9:02  Baneling  
  134  9:03  Baneling x11  
  134  9:04  Baneling  
  134  9:05  Zergling x4  
  136  9:14  Hatchery  
  135  9:23  Zergling x22  
  124  9:37  Zergling x2  
  124  9:38  Zergling x12  
  118  9:45  Baneling  
  118  9:46  Baneling x23  
  118  9:47  Baneling  
  118  9:53  Drone x3  
  118  9:54  Drone x3, Queen  
  126  10:09  Baneling x2  
  126  10:12  Baneling x12  
  126  10:13  Baneling, Zergling x14  
  126  10:14  Zergling x14  
  116  10:41  Drone  
  116  10:42  Drone x18  
  135  10:46  Hatchery  
  135  10:49  Corruptor  
  132  10:50  Corruptor x5  
  139  11:03  Drone  
  139  11:04  Drone x10  
  145  11:36  Burrow  
  145  11:39  Zergling x16  
  154  11:40  Zergling x26  
  162  12:00  Spine Crawler x2  
  160  12:02  Spine Crawler x2  
  158  12:10  Spore Crawler  
  158  12:11  Spore Crawler  
  158  12:12  Brood Lord  
  158  12:13  Brood Lord x3  
  158  12:14  Spine Crawler  
  163  12:18  Spine Crawler  
  163  12:19  Spore Crawler  
  163  12:20  Spore Crawler, Spine Crawler  
  163  12:22  Spine Crawler  
  158  12:23  Spine Crawler x2  
  158  12:24  Spore Crawler, Brood Lord x2, Spine Crawler  
  158  12:26  Infestor x3  
  153  12:44  Zergling x4  
  153  12:45  Zergling x30  
  156  13:06  Zergling x2  
  156  13:07  Zergling x28  
  156  13:10  Zerg Melee Weapons Level 3  
  156  13:11  Zerg Ground Armor Level 2  
  168  13:26  Baneling x13  
  168  13:27  Baneling x15  
  166  13:28  Baneling x2  
  166  13:29  Zergling x2  
  167  13:38  Baneling x5  
  167  13:39  Baneling x13  
  167  13:40  Baneling  
  155  13:58  Zergling x2  
  155  13:59  Zergling x32  
  155  14:04  Neural Parasite  
  155  14:34  Baneling x3  
  155  14:35  Baneling x29  
  155  14:36  Baneling x16  
  155  15:11  Hatchery  
  155  15:12  Extractor  
  155  15:13  Extractor  
  155  15:34  Infestor  
  155  15:35  Infestor x12  
  155  15:38  Overlord x5  
  155  16:16  Zerg Ground Armor Level 3  
  155  16:17  Adrenal Glands  
  155  16:19  Zerg Flyer Armor Level 1  
  155  16:23  Corruptor  
  155  16:38  Baneling x16  
  155  16:39  Baneling x10  
  155  17:14  Hatchery  
  155  17:50  Brood Lord  
Tags
 
Composition
MMM Bio
Matchup
TvZ
Spawn Locations
Cross Positions
Add a new tag
Caveats
  • Supply blocks, unpowered buildings, or Contaminate may cause inaccurate times.
  • Supply counts are checked every 10 seconds.